 Dungeon Crawl Stone Soup version 0.18-a0-1267-gff090c1 (webtiles) character file.

2306 4thArraOfDagon the Cleaver (level 9, 0/114 (118) HPs)
             Began as a Purple Draconian Berserker on Feb 6, 2016.
             Was a Priest of Trog.
             Slain by a centaur warrior (2 damage)
             ... on level 10 of the Dungeon.
             The game lasted 00:10:39 (2485 turns).

4thArraOfDagon the Cleaver (DrBe)                   Turns: 2485, Time: 00:10:39

HP:   0/114 (118)   AC:  8    Str: 22    XL:     9   Next: 18%
MP:   8/8           EV: 15    Int:  5    God:    Trog [***...]
Gold: 27            SH:  0    Dex: 13    Spells: 0 memorised, 8 levels left

rFire  . . .     SeeInvis .     g - +0 war axe
rCold  . . .     Gourm    .     (armour unavailable)
rNeg   . . .     Faith    .     (no shield)
rPois  .         Spirit   .     (helmet restricted)
rElec  .         Dismiss  .     e - +0 cloak
rCorr  .         Reflect  .     (no gloves)
SustAt .         Harm     .     (no boots)
MR     +....     Clarity  +     (no amulet)
Stlth  ..........               (no ring)
                                (no ring)

@: berserking (expiring), very quick, somewhat resistant to hostile
enchantments, extremely unstealthy
A: breathe power, unfitting armour, clarity, dopey 2, low mp 1, weak 1,
cold-blooded, AC +7
a: Breathe Dispelling Energy, Berserk, Trog's Hand, Burn Spellbooks, Renounce
Religion


You were on level 10 of the Dungeon.
You worshipped Trog.
Trog was most pleased with you.
You were not hungry.

You visited 1 branch of the dungeon, and saw 10 of its levels.
You also visited: Ossuary.

You collected 303 gold pieces.
You spent 276 gold pieces at shops.

Inventory:

Hand Weapons
 g - a +0 war axe (weapon)
Missiles
 n - 7 javelins (quivered)
Armour
 e - a +0 cloak (worn)
Wands
 E - a wand of flame (9/48)
Scrolls
 d - 5 scrolls of remove curse {unknown}
 h - 6 scrolls of teleportation
 l - a scroll of fear {unknown}
 r - 3 scrolls of enchant weapon {unknown}
 s - a scroll of noise {unknown}
 t - 2 scrolls of blinking {unknown}
 w - a scroll of holy word {unknown}
 x - a scroll of enchant armour {unknown}
 C - a scroll of immolation {unknown}
 D - a scroll of brand weapon
Potions
 a - a potion of lignification {unknown}
 c - a potion of cure mutation {unknown}
 i - 2 potions of heal wounds
 j - a potion of degeneration {unknown}
 o - 4 potions of might {unknown}
 p - 4 potions of curing
 q - a potion of cancellation
 u - a potion of agility
 v - 2 potions of flight
 A - a potion of haste {unknown}
Books
 y - a book of the Warp

   Spells                             Type                      Level
   a - Recall                         Summoning/Translocation      3
   b - Gell's Gravitas                Hexes/Translocation          3
   c - Force Lance                    Conjuration/Translocation    4
   d - Phase Shift                    Translocation                5
   e - Warp Weapon                    Charms/Translocation         5
   f - Summon Forest                  Summoning/Translocation      5
   Trog disapproves of the use of such an item.
 B - a Necronomicon

   Spells                             Type                      Level
   a - Haunt                          Necromancy/Summoning         7
   b - Borgnjor's Revivification      Necromancy                   8
   c - Death's Door                   Charms/Necromancy            8
   d - Necromutation                  Transmutation/Necromancy     8
   Trog disapproves of the use of such an item.
Comestibles
 b - 4 bread rations
 f - a meat ration
 k - a slice of pizza
 m - 6 chunks of flesh
 z - 2 beef jerkies


   Skills:
 - Level 7.5 Fighting
 * Level 9.3 Axes
 + Level 6.1 Dodging


You had 8 spell levels left.
You didn't know any spells.

Dungeon Overview and Level Annotations

Branches:
Dungeon (10/15)            Temple (0/1) D:4            Lair (0/8) D:10
    Orc: D:9-12

Altars:
Nemelex Xobeh
Pakellas
Ru
Yredelemnul
Zin
The Shining One

Shops:
D:9 ?


Innate Abilities, Weirdness & Mutations

You can breathe bolts of dispelling energy.
Your rich purple scales are hard (AC +7).
Your body does not fit into most forms of armour.
You are cold-blooded and may be slowed by cold attacks.
You possess an exceptional clarity of mind.
You are very dopey. (Int -4)
Your magical capacity is low (-10% MP).
You are weak. (Str -2)


Message History

The centaur warrior is heavily wounded.
The centaur warrior hits you!
* * * LOW HITPOINT WARNING * * *
You barely miss the centaur warrior.
Your tail-slap misses the centaur warrior.
The centaur warrior is heavily wounded.
Your skin stops crawling.
You feel less resistant to hostile enchantments.
The centaur warrior misses you.
You barely miss the centaur warrior.
The centaur warrior is heavily wounded.
The centaur warrior misses you.
You barely miss the centaur warrior.
The centaur warrior is heavily wounded.
The centaur warrior hits you!
* * * LOW HITPOINT WARNING * * *
You barely miss the centaur warrior.
The centaur warrior is heavily wounded.
The centaur warrior hits you.
You die...

#..........).........
#>...................
#....................
#............... ....
#............... ...
#............... ..
#............... .
#....c.(#.......
#...@.(###.....$ .
#....(## #..... ..
#...(## #..... ...
#.....## ##..........
#......###...........
#.......#............
#....................
##...................
##.....)............


You could see a centaur warrior.

Vanquished Creatures
  A troll (D:10)
  A wraith (D:10)
  A hungry ghost (D:7)
  2 sky beasts
  2 necrophages
  A black bear (D:6)
  2 centaurs
  An ogre (D:6)
  A crocodile (D:10)
  A big kobold (D:9)
  An elf zombie (Ossuary)
  A scorpion (D:4)
  A centaur zombie (D:6)
  A jelly (D:5)
  2 crimson imps
  6 hounds
  An orc priest (D:5)
  An orc wizard (D:6)
  A centaur skeleton (D:7)
  A giant frog skeleton (D:6)
  3 iguanas
  4 worker ants
  A killer bee zombie (D:5)
  3 hound zombies (Ossuary)
  A hound skeleton (D:6)
  4 mummies (Ossuary)
  A worker ant zombie (D:5)
  4 adders
  3 gnolls (D:5)
  2 shadow imps
  An adder zombie (Ossuary)
  An adder skeleton (D:4)
  A worm (D:6)
  A giant gecko (D:4)
  13 orcs
  A ball python (D:4)
  3 bats
  2 giant cockroaches
  10 jackals
  3 quokkas
  A giant gecko zombie (D:6)
  3 giant newts
  A goblin zombie (D:6)
  3 jackal zombies (Ossuary)
  7 kobolds
  A kobold zombie (Ossuary)
  3 orc zombies (Ossuary)
  A quokka zombie (D:6)
111 creatures vanquished.

Notes
Turn   | Place    | Note
--------------------------------------------------------------
     0 | D:1      | 4thArraOfDagon the Draconian Berserker began the quest for the Orb.
     0 | D:1      | Reached XP level 1. HP: 19/19 MP: 1/1
   149 | D:3      | Reached XP level 2. HP: 22/26 MP: 2/2
   257 | D:4      | Reached XP level 3. HP: 33/33 MP: 3/3
   384 | D:4      | Found a staircase to the Ecumenical Temple.
   388 | D:4      | Found a glowing silver altar of Zin.
   394 | D:4      | Reached skill level 4 in Axes
   482 | D:3      | Reached XP level 4. HP: 35/40 MP: 4/4
   557 | D:4      | Reached ** piety under Trog
   570 | D:4      | Reached XP level 5. HP: 18/47 MP: 5/5
   605 | D:4      | Found a glowing golden altar of the Shining One.
   615 | D:5      | Entered Level 5 of the Dungeon
   615 | D:5      | Found a sparkling altar of Nemelex Xobeh.
   710 | D:5      | Noticed a sky beast
   727 | D:5      | Killed a sky beast
   727 | D:5      | Reached skill level 5 in Axes
   727 | D:5      | Reached XP level 6. HP: 11/55 MP: 6/6
   800 | D:5      | Reached skill level 5 in Fighting
   969 | D:6      | Found an oddly glowing altar of Pakellas.
  1123 | D:6      | Reached skill level 6 in Axes
  1134 | D:6      | Reached XP level 7. HP: 41/61 MP: 7/7
  1134 | D:6      | Your scales start taking on a rich purple colour.
  1224 | D:6      | Found a sand-covered staircase.
  1231 | Ossuary  | Entered an ossuary
  1440 | D:6      | Found a basalt altar of Yredelemnul.
  1524 | D:5      | Reached skill level 7 in Axes
  1578 | D:6      | Reached XP level 8. HP: 70/70 MP: 8/8
  1682 | D:6      | Reached skill level 5 in Dodging
  1802 | D:7      | Reached skill level 8 in Axes
  1863 | D:7      | You fall through a shaft for 3 floors!
  1863 | D:10     | Entered Level 10 of the Dungeon
  1863 | D:10     | Noticed a troll
  1873 | D:10     | Killed a troll
  1873 | D:10     | Reached *** piety under Trog
  2096 | D:8      | Reached skill level 9 in Axes
  2096 | D:8      | Reached XP level 9. HP: 76/76 MP: 9/9
  2124 | D:8      | Found a sacrificial altar of Ru.
  2283 | D:9      | Found Sougum's Magic Scroll Shoppe.
  2290 | D:9      | Bought a scroll of teleportation for 36 gold pieces
  2290 | D:9      | Bought a scroll of brand weapon for 240 gold pieces
  2352 | D:10     | Gained mutation: You possess an exceptional clarity of mind. [mutagenic meat]
  2353 | D:10     | Gained mutation: You are dopey. (Int -2) [mutagenic meat]
  2354 | D:10     | Gained mutation: Your magical capacity is low (-10% MP). [mutagenic meat]
  2355 | D:10     | Gained mutation: You are very dopey. (Int -4) [mutagenic meat]
  2356 | D:10     | Gained mutation: You are weak. (Str -2) [mutagenic meat]
  2371 | D:10     | Found a staircase to the Lair.
  2465 | D:10     | Noticed a centaur warrior
  2484 | D:10     | HP: 2/114 [centaur warrior (8)]
  2485 | D:10     | Slain by a centaur warrior

Vault maps used:
D:1:      dpeg_arrival_rooms_c
D:2:      uniq_jessica
D:3:      led_sif_book, uniq_robin
D:4:      kennysheep_mini, temple_fountains, first_bread, interstate_on_off,
          tso_metal_star
D:5:      nemelex_xobeh_ov_fountains_minmay, serial_corexii_hall,
          corexii_hall_statues_s, corexii_hall_statues_x,
          corexii_hall_statues_l, corexii_hall_statues_i
D:6:      grunt_pakellas_mercury, lemuel_round_altar, serial_shops, shop,
          enter_ossuary_4, kennysheep_generic_room_13
D:7:      lemuel_slime, kennysheep_mini_moat, grunt_livestock,
          grunt_decor_arrowhead
D:8:      overflow_temple_1_default, lemuel_coloured_pillars_altar,
          nicolae_ru_awakened_eye, marbit_many_paths, serial_shops,
          shop_fountains, minmay_misc_feat_tiny
D:9:      elyvilon_altar_4, bloody_makhleb, nicolae_overflow_hidden_temple,
          serial_shops, nicolae_shop_temple_entry_statues_fountains,
          lemuel_angel_altar
D:10:     dpeg_lair_monsters
Ossuary:  ossuary_minmay_tomb_2a

Action                   |  1- 3 |  4- 6 |  7- 9 || total
-------------------------+-------+-------+-------++-------
Melee: Hand axe          |    20 |       |       ||    20
       War axe           |    37 |   110 |   189 ||   336
Invok: Berserk           |     3 |     7 |    11 ||    21
       Trog's Hand       |       |     2 |     2 ||     4
 Abil: Breathe Dispellin |       |       |     1 ||     1
  Use: Scroll            |       |       |     5 ||     5
 Stab: Sleeping          |       |     1 |     1 ||     2
  Eat: Chunk             |     2 |     8 |    23 ||    33
       Beef jerky        |       |       |     1 ||     1
